 Dungeon Crawl Stone Soup version 0.29-a0-1065-g47a6bb87d6 (webtiles) character file.

Game seed: 14891308404709142206

5408 Zeldest the Chopper (level 10, -4/84 HPs)
             Began as a Demigod Fighter on Aug 18, 2022.
             Slain by a culicivora (13 damage)
             ... on level 7 of the Dungeon.
             The game lasted 00:09:23 (8324 turns).

Zeldest the Chopper (Demigod Fighter)               Turns: 8324, Time: 00:09:24

Health: -4/84      AC: 10    Str: 21    XL:     10   Next: 17%
Magic:  19/19      EV: 10    Int: 18    God:
Gold:   532        SH: 10    Dex: 13    Spells: 17/17 levels left

rFire   . . .      SeeInvis .   a - +0 war axe
rCold   . . .      Faith    .   c - +0 buckler
rNeg    + . .      Spirit   .   b - +0 scale mail
rPois   .          Reflect  +   r - +0 helmet
rElec   .          Harm     .   (no cloak)
rCorr   .          Rampage  .   x - +0 pair of gloves
Will    +....                   (no boots)
Stlth   ..........              z - amulet of reflection
HPRegen 0.24/turn               o - ring of positive energy
MPRegen 0.16/turn               (no ring)

@: no status effects
A: high MP 1, forlorn, divine attributes
a: no special abilities


You were on level 7 of the Dungeon.
You visited 1 branch of the dungeon, and saw 7 of its levels.

You collected 612 gold pieces.
You spent 80 gold pieces at shops.

Inventory:

Hand Weapons
 a - a +0 war axe (weapon)
Missiles
 B - a throwing net (quivered)
Armour
 b - a +0 scale mail (worn)
 c - a +0 buckler (worn)
 r - a +0 helmet (worn)
 x - a +0 pair of gloves (worn)
Jewellery
 o - a ring of positive energy (left hand)
 z - an amulet of reflection (around neck)
Wands
 v - a wand of quicksilver (4)
 y - a wand of polymorph (8)
 A - a wand of flame (7)
 F - a wand of digging (7)
Scrolls
 e - 7 scrolls of identify
 f - 2 scrolls of teleportation
 j - a scroll of enchant armour {unknown}
 k - 4 scrolls of blinking {unknown}
 m - a scroll of poison {unknown}
 n - a scroll of enchant weapon {unknown}
 p - a scroll of amnesia {unknown}
 s - a scroll of silence {unknown}
 C - 2 scrolls of noise {unknown}
 D - a scroll of butterflies {unknown}
 E - a scroll of immolation {unknown}
 H - a scroll of brand weapon {unknown}
Potions
 d - a potion of might
 g - 2 potions of curing
 h - 3 potions of mutation {unknown}
 i - a potion of flight {unknown}
 l - 2 potions of cancellation {unknown}
 q - a potion of ambrosia {unknown}
 t - a potion of magic {unknown}
 u - a potion of haste {unknown}
 w - a potion of resistance
 G - a potion of brilliance {unknown}


   Skills:
 + Level 6.6 Fighting
 + Level 7.9 Axes
 + Level 6.5 Armour
 - Level 3.3 Dodging
 - Level 5.0 Shields
 + Level 4.0 Spellcasting
 + Level 0.0 Conjurations
 + Level 4.3 Earth Magic


You had 17 spell levels left.
You didn't know any spells.
Your spell library contained the following spells:

 Spells                   Type           Power      Damage    Failure   Level
 Sting                    Tmut/Pois      12%        1d3       43%         1
 Summon Small Mammal      Summ           12%        N/A       43%         1
 Stone Arrow              Conj/Erth      22%        3d8       52%         3
 Poisonous Vapours        Pois/Air       6%         N/A       56%         2
 Sublimation of Blood     Necr           3%         N/A       56%         2
 Wereblood                Tmut           3%         N/A       56%         2
 Call Canine Familiar     Summ           3%         N/A       80%         3
 Summon Guardian Golem    Hex/Summ       3%         N/A       80%         3
 Animate Armour           Summ/Erth      22%        N/A       89%         4
 Olgreb's Toxic Radiance  Pois           3%         N/A       99%         4
 Summon Hydra             Summ           1%         N/A       100%        7
 Lehudib's Crystal Spear  Conj/Erth      5%         10d3      100%        8


Dungeon Overview and Level Annotations

Branches:
Dungeon (7/15)             Temple (0/1) D:4

Shops:
D:3 !


Innate Abilities, Weirdness & Mutations

You have an increased reservoir of magic. (+10% MP)
You shall have no god before yourself.
Your divine heritage dramatically boosts your attributes as you level up.


Message History

The culicivora is moderately wounded.
The culicivora completely misses you.
The culicivora bites you but does no damage.
You miss the culicivora.
The culicivora is moderately wounded.
The culicivora barely misses you.
You hit the culicivora.
The culicivora is moderately wounded.
The culicivora bites you but does no damage.
The culicivora barely misses you.
You barely miss the culicivora.
The culicivora is moderately wounded.
The culicivora bites you.
The culicivora draws strength from your injuries!
The culicivora bites you but does no damage.
You completely miss the culicivora.
The culicivora is moderately wounded.
The culicivora bites you.
You hit the culicivora but do no damage.
The culicivora is moderately wounded.
The culicivora bites you.
The culicivora draws strength from your injuries!
You block the culicivora's attack.
You closely miss the culicivora.
The culicivora is moderately wounded.
The culicivora completely misses you. You block the culicivora's attack.
You slash the culicivora!
The culicivora is heavily wounded.
The culicivora bites you!
The culicivora draws strength from your injuries!
You barely miss the culicivora.
The culicivora is heavily wounded.
The culicivora bites you!!
* * * LOW HITPOINT WARNING * * *
The culicivora draws strength from your injuries!
You block the culicivora's attack.
You closely miss the culicivora.
The culicivora is lightly wounded.
The culicivora bites you!
You die...

..♣ #.##.## #..##..##..#..###..
.♣♣♣##.##.# #...##..#....# ##.
.PP♣#.....## #.#..##.....## ##
...♣#......####.....####### #
...~#........##....## #
♣..~#..)...#......## #.
♣♣~~###..........## #O
♣~~###.#........# #.
######..#.###.#s@# # #...#.....#
#....# . #...#.########...# ##
'...#..........<.#
#...#.#.........[## ###
#[..#.#...........## ##.##
##'##.........#.)..## ##...##
#..###.......##....#######.....#
#..###.......##.................


You could see a culicivora.

Vanquished Creatures
  A two-headed ogre (D:7)
  A gargoyle (D:7)
  5 yaks (D:7)
  A vampire (D:7)
  A steam dragon (D:7)
  2 water moccasins (D:7)
  2 ice beasts
  4 black bears
  4 sky beasts
  5 ogres
  A centaur (D:6)
  2 kobold brigands
  2 bullfrogs
  A scorpion (D:5)
  2 necrophages
  9 wights
  3 howler monkeys
  4 jellies
  6 hounds
  An orc priest (D:7)
  7 iguanas
  3 orc wizards
  4 gnolls (D:5)
  11 adders
  A white imp (D:7)
  2 ufetubi
  2 worms
  2 dart slugs
  24 orcs
  11 endoplasms
  2 giant cockroaches
  16 goblins
  5 hobgoblins
  4 jackals (D:3)
  16 kobolds
  5 quokkas
  10 ball pythons
  3 bats
  A frilled lizard (D:2)
  6 rats
192 creatures vanquished.

Vanquished Creatures (others)
  A quokka (D:7)
1 creature vanquished.

Grand Total: 193 creatures vanquished

Notes
Turn   | Place    | Note
-------+----------+-------------------------------------------
     0 | D:1      | Zeldest the Demigod Fighter began the quest for the Orb.
     0 | D:1      | Reached XP level 1. HP: 18/18 MP: 3/3
   247 | D:1      | Reached skill level 2 in Axes
   685 | D:2      | Reached XP level 2. HP: 20/25 MP: 4/4
  1274 | D:2      | Reached XP level 3. HP: 30/30 MP: 5/5
  1607 | D:2      | Reached skill level 1 in Dodging
  2188 | D:3      | Found Sar Qous's Distillery.
  2197 | D:3      | Bought a potion of heal wounds for 50 gold pieces
  2197 | D:3      | Bought a potion of curing for 30 gold pieces
  2211 | D:3      | Noticed a black bear
  2217 | D:3      | Killed a black bear
  2218 | D:3      | Reached skill level 3 in Axes
  2218 | D:3      | Reached XP level 4. HP: 34/38 MP: 6/6
  2309 | D:3      | Reached XP level 5. HP: 44/45 MP: 7/7
  2876 | D:4      | Reached XP level 6. HP: 37/51 MP: 8/8
  3124 | D:4      | Reached skill level 4 in Axes
  3512 | D:4      | Found a staircase to the Ecumenical Temple.
  3635 | D:5      | Entered Level 5 of the Dungeon
  3722 | D:5      | Reached XP level 7. HP: 58/58 MP: 9/9
  4003 | D:5      | Reached skill level 5 in Axes
  4792 | D:6      | Reached XP level 8. HP: 39/67 MP: 10/10
  5265 | D:6      | Reached skill level 1 in Earth Magic
  5272 | D:6      | Reached skill level 6 in Axes
  5272 | D:6      | Reached skill level 1 in Spellcasting
  5400 | D:6      | Reached skill level 5 in Fighting
  5400 | D:6      | Reached skill level 5 in Armour
  5400 | D:6      | Reached skill level 5 in Shields
  5762 | D:6      | Reached XP level 9. HP: 61/74 MP: 15/15
  6354 | D:7      | Reached skill level 7 in Axes
  6847 | D:7      | Noticed a gargoyle
  7697 | D:7      | Killed a gargoyle
  7903 | D:7      | Noticed a two-headed ogre
  7915 | D:7      | Reached XP level 10. HP: 67/84 MP: 19/19
  7915 | D:7      | Noticed a deep elf pyromancer
  7919 | D:7      | Killed a two-headed ogre
  8308 | D:7      | a deep elf pyromancer changed into a culicivora
  8324 | D:7      | Slain by a culicivora

Illustrated notes

Levels and vault maps discovered:
D:1:      eino_arrival_druids_welcome, layout_basic, kennysheep_doodads,
          minmay_misc_feat_square, nrook_campfire
D:2:      layout_basic, corner_web_ring, grunt_decor_one_mirror
D:3:      layout_loops_ring, mainiacjoe_overflow_alcove_4,
          mainiacjoe_overflow_divided_tiny, serial_shops, shop,
          hellmonk_ecumenical_altar_heavens_door, minivault_23,
          minmay_divided_ellipse
D:4:      minmay_bubble_buster, layout_rooms, nicolae_gozag_seed_capital,
          minmay_temple_entry_drinking_statues
D:5:      layout_basic, zin_treasury, serial_co_window_serial,
          co_window_paths_a, co_window_corner_a, co_window_paths_a,
          co_window_corner_a, co_window_paths_a, co_window_broadway_c,
          co_window_broadway_a, co_window_corner_cb, co_window_4corner_b,
          co_window_sun, glass_columns_c, glass_columns_a, glass_columns_b,
          glass_columns_b
D:6:      minmay_thinvault, layout_cave_pools
D:7:      minmay_the_grid_octo_2x2 [minmay_the_grid_octo_pinwheel,
          minmay_the_grid_octo_77, minmay_the_grid_octo_checkerflower,
          minmay_the_grid_octo_prize_star], layout_rooms, elyvilon_altar_4,
          nicolae_zen_rock_garden

Skill      XL: |  1  2  3  4  5  6  7  8  9 10 |
---------------+-------------------------------+-----
Axes           | 2 3 4 5 6 7 |  7.9
Fighting       | 3 4 5 6 |  6.6
Dodging        | 1 2 3 |  3.3
Shields        | 3 4 5 |  5.0
Armour         | 3 4 5 6 |  6.5
Earth Magic    | 2 3 4 |  4.3
Spellcasting   | 2 3 4 |  4.0

Action                   |  1- 3 |  4- 6 |  7- 9 | 10-12 || total
-------------------------+-------+-------+-------+-------++-------
Melee: War axe           |    91 |   185 |   370 |    27 ||   673
Evoke: Wand              |       |       |    16 |     4 ||    20
  Use: Potion            |       |       |     4 |       ||     4
       Scroll            |       |       |     2 |     1 ||     3
Armor: Scale mail        |    52 |   126 |   147 |     6 ||   331
Dodge: Dodged            |    44 |   116 |   160 |    18 ||   338
Block: Buckler           |    21 |    59 |   178 |    14 ||   272
       Reflection        |       |       |     7 |       ||     7

Table legend: (Time is in decaauts)
 A = Elapsed time spent in this place.
 B = Non-inter-level travel time spent in this place.
 C = Inter-level travel time spent in this place.
 D = Time resting spent in this place.
 E = Time spent auto-exploring this place.
 F = Levels seen in this place.
 G = Mean time per level.
                   A        B        C        D        E       F      G
               +--------+--------+--------+--------+--------+-----+--------+
         Total |   8517 |   8408 |    109 |   3100 |   3783 |   7 | 1216.7 |
       Dungeon |   8517 |   8408 |    109 |   3100 |   3783 |   7 | 1216.7 |
               +--------+--------+--------+--------+--------+-----+--------+

Top non-repeatable levels by time:
     D:6: 2342 daAuts
     D:2: 1346 daAuts
     D:7: 1289 daAuts
     D:5: 1144 daAuts
     D:3: 895 daAuts
     D:4: 810 daAuts
     D:1: 688 daAuts
